 Dungeon Crawl Stone Soup version 0.30.1-4-g462c640d31 (webtiles) character file.

Game seed: 8420579169707155581

8 Bobit the Blocker (level 2, -1/20 HPs)
             Began as a Gnoll Wanderer on Aug 11, 2023.
             Slain by a quokka (3 damage)
             ... on level 1 of the Dungeon.
             The game lasted 00:00:29 (308 turns).

Bobit the Blocker (Gnoll Wanderer)                   Turns: 308, Time: 00:00:30

Health: -1/20      AC:  6    Str: 13    XL:     2   Next: 8%
Magic:  5/5        EV:  9    Int:  9    God:
Gold:   65         SH:  8    Dex: 11    Spells: 5/6 levels left

rFire   . . .        a - +0 club
rCold   . . .        d - +2 buckler
rNeg    . . .        b - +0 scale mail
rPois   .            (no helmet)
rElec   .            (no cloak)
rCorr   .            (no gloves)
SInv    .            (no boots)
Will    .....        (no amulet) Stlth
                     (no ring)
HPRegen 0.23/turn    (no ring)
MPRegen 0.09/turn

%: no passive effects
@: no status effects
A: fangs 1, strong nose, distributed training
a: no special abilities


You were on level 1 of the Dungeon.
You visited 1 branch of the dungeon, and saw 1 of its levels.

You collected 65 gold pieces.

Inventory:

Hand Weapons
 a - a +0 club (weapon)
Armour
 b - a +0 scale mail (worn)
 d - a +2 buckler (worn)
Jewellery
 f - an amulet of reflection
Scrolls
 c - a scroll of silence
 e - a scroll of fog {unknown}


   Skills:
 + Level 0.3 Fighting
 + Level 0.3 Short Blades
 + Level 0.3 Long Blades
 + Level 0.3 Axes
 + Level 0.3 Maces & Flails
 + Level 0.3 Polearms
 + Level 0.3 Staves
 + Level 0.3 Ranged Weapons
 + Level 0.3 Throwing
 + Level 2.4 Armour
 + Level 2.4 Dodging
 + Level 0.3 Stealth
 + Level 8.4 Shields
 + Level 0.3 Unarmed Combat
 + Level 2.7 Spellcasting
 + Level 0.2 Conjurations
 + Level 0.2 Hexes
 + Level 0.2 Summonings
 + Level 0.2 Necromancy
 + Level 0.2 Translocations
 + Level 0.2 Transmutations
 + Level 3.7 Fire Magic
 + Level 0.2 Ice Magic
 + Level 0.2 Air Magic
 + Level 0.2 Earth Magic
 + Level 0.2 Poison Magic
 + Level 0.4 Invocations
 + Level 2.4 Evocations


You had 5 spell levels left.
You knew the following spells:

 Your Spells              Type           Power      Damage    Failure   Level
a - Foxfire               Conj/Fire      16%        2x1d4     63%         1

Your spell library contained the following spells:

 Spells                   Type           Power      Damage    Failure   Level
 Magic Dart               Conj           4%         1d3       86%         1
 Call Imp                 Summ           2%         N/A       95%         2
 Ignite Poison            Fire/Tmut/Pois 3%         N/A       97%         3
 Mephitic Cloud           Conj/Pois/Air  1%         N/A       99%         3


Dungeon Overview and Level Annotations

Branches:
Dungeon (1/15)

Altars:


Innate Abilities, Weirdness & Mutations

You have very sharp teeth.
Your uncanny sense of smell can sniff out nearby items.
Your experience applies equally to all skills.


Message History

You miss the quokka.
The quokka is severely wounded.
The quokka bites you. The quokka closely misses you.
The kobold barely misses you.
The quokka bites you but does no damage.
You barely miss the quokka. Your bite misses the quokka.
The quokka is severely wounded.
You block the quokka's attack.
The kobold hits you with a +0 short sword.
The quokka bites you but does no damage. x2
The kobold closely misses you.
You are too injured to fight recklessly!
You are too injured to fight recklessly!
You are too injured to fight recklessly!
You are too injured to fight recklessly!
You are too injured to fight recklessly!
You are too injured to fight recklessly!
You are too injured to fight recklessly!
You are too injured to fight recklessly!
You are too injured to fight recklessly!
You are too injured to fight recklessly!
You are too injured to fight recklessly!
You are too injured to fight recklessly!
You are too injured to fight recklessly!
You are too injured to fight recklessly!
You are too injured to fight recklessly!
You are too injured to fight recklessly!
You are too injured to fight recklessly!
You barely miss the kobold. The quokka barely misses you. x2
The quokka bites you. The kobold hits you but does no damage.
You closely miss the quokka. Your bite misses the quokka.
The quokka is severely wounded.
You block the quokka's attack.
The quokka bites you but does no damage.
The kobold hits you with a +0 short sword.
* * * LOW HITPOINT WARNING * * *
The quokka bites you.
* * * LOW HITPOINT WARNING * * *
The quokka bites you.
You die...

+.#.........
#........##+#.# ###
#........#..... ≈≈≈
#.#.##...#..... ###
∆ #.##...........
#.#............ #
#.#............ +#
####.#......rr......
.#
#..........@.K......
.#
#....##.........####
.# ......
+.........# .# .#...
#......$..# .#
#.............###
'## #.............#
..# #..!..........#
.<# :.............
### ............#.#∆


You could see 2 quokkas and a kobold.

Vanquished Creatures
  A ball python (D:1)
  2 goblins (D:1)
  2 kobolds (D:1)
  A quokka (D:1)
6 creatures vanquished.

Notes
Turn   | Place    | Note
-------+----------+-------------------------------------------
     0 | D:1      | Bobit the Gnoll Wanderer began the quest for the Orb.
     0 | D:1      | Bobit set off with the following items: a +0 club, a +0
                  | scale mail, a scroll of silence, a +2 buckler; and the
                  | following spell memorised: Foxfire; and the following
                  | spells available to memorise: Ignite Poison.
     0 | D:1      | Reached XP level 1. HP: 13/13 MP: 4/4
   210 | D:1      | Reached XP level 2. HP: 16/19 MP: 5/5
   307 | D:1      | HP: 1/20 [quokka (2)]
   308 | D:1      | Slain by a quokka

Illustrated notes

Levels and vault maps discovered:
D:1:      heliophobic_arrival_glass_houses, layout_basic

Action                     || total
---------------------------++-------
  Melee: Club              ||    52
         Bite              ||     2
 Armour: Scale mail        ||    25
  Dodge: Dodged            ||    28
  Block: Buckler           ||    34
